 Dungeon Crawl Stone Soup version 0.28.0 (webtiles) character file.

Game seed: 203088780993979994

134 Kikato the Vexing (level 5, -7/40 HPs)
             Began as a Gnoll Arcane Marksman on Feb 8, 2022.
             Was an Initiate of Qazlal.
             Mangled by an iguana (9 damage)
             ... on level 4 of the Dungeon.
             The game lasted 00:26:18 (4921 turns).

Kikato the Vexing (Gnoll Arcane Marksman)           Turns: 4921, Time: 00:26:18

Health: -7/40      AC:  6    Str: 10    XL:     5   Next: 17%
Magic:  9/9        EV: 11    Int: 12    God:    Qazlal [......]
Gold:   63         SH:  0    Dex: 14    Spells: 9/10 levels left

rFire   . . .      SeeInvis .   a - +0 shortbow
rCold   + . .      Faith    .   (shield currently unavailable)
rNeg    . . .      Spirit   .   o - +1 ring mail of Gehenna {Contam rPois rC+ Will++}
rPois   +          Reflect  .   (no helmet)
rElec   .          Harm     .   (no cloak)
rCorr   .          Rampage  .   (no gloves)
Will    ++...                   (no boots)
Stlth   +.........              (no amulet)
HPRegen 0.13/turn               (no ring)
MPRegen 0.11/turn               (no ring)

@: about to teleport, invisible
A: fangs 1, strong nose, distributed training
a: Renounce Religion


You were on level 4 of the Dungeon.
You worshipped Qazlal.
Qazlal was noncommittal.
You visited 1 branch of the dungeon, and saw 4 of its levels.

You collected 63 gold pieces.

Inventory:

Hand Weapons
 a - a +0 shortbow (weapon)
 d - a +0 mace of holy wrath
 j - a +0 short sword
 k - a +0 whip of freezing
 l - a +0 hunting sling
 p - a +0 long sword
Missiles
 c - 43 arrows (quivered ammo)
 i - 79 stones
 n - 38 bolts
Armour
 g - a +1 leather armour
 o - the +1 ring mail of Gehenna (worn) {Contam rPois rC+ Will++}
   (You found it on level 2 of the Dungeon)

   rC:        It protects you from cold.
   rPois:     It protects you from poison.
   Contam:    It causes magical contamination when unequipped.
   Will:      It greatly increases your willpower.
Jewellery
 m - an amulet of guardian spirit
Scrolls
 h - a scroll of noise {unknown}
Potions
 e - a potion of might {unknown}


   Skills:
 + Level 2.9 Fighting
 + Level 1.4 Short Blades
 + Level 1.4 Long Blades
 + Level 1.4 Axes
 + Level 1.4 Maces & Flails
 + Level 1.4 Polearms
 + Level 1.4 Staves
 + Level 1.4 Slings
 + Level 4.7 Bows
 + Level 1.4 Crossbows
 + Level 1.4 Throwing
 + Level 1.4 Armour
 + Level 4.7 Dodging
 + Level 1.4 Stealth
 + Level 1.4 Shields
 + Level 1.4 Unarmed Combat
 + Level 3.1 Spellcasting
 + Level 1.1 Conjurations
 + Level 5.5 Hexes
 + Level 1.1 Summonings
 + Level 1.1 Necromancy
 + Level 1.1 Translocations
 + Level 1.1 Transmutations
 + Level 1.1 Fire Magic
 + Level 1.1 Ice Magic
 + Level 1.1 Air Magic
 + Level 1.1 Earth Magic
 + Level 1.1 Poison Magic
 + Level 1.5 Invocations
 + Level 1.4 Evocations


You had 9 spell levels left.
You knew the following spells:

 Your Spells              Type           Power      Damage    Failure   Level
a - Slow                  Hex            60%        N/A       6%          1

Your spell library contained the following spells:

 Spells                   Type           Power      Damage    Failure   Level
 Tukima's Dance           Hex            15%        N/A       19%         3
 Freeze                   Ice            16%        1d4       36%         1
 Inner Flame              Hex/Fire       9%         N/A       43%         3
 Portal Projectile        Hex/Tloc       18%        N/A       43%         3
 Static Discharge         Conj/Air       4%         N/A       50%         2
 Cause Fear               Hex            7%         N/A       54%         4
 Frozen Ramparts          Ice            8%         1d2       75%         3
 Ozocubu's Armour         Ice            4%         N/A       75%         3
 Anguish                  Hex/Necr       4%         N/A       83%         4
 Hailstorm                Conj/Ice       4%         3d4       98%         4
 Lightning Bolt           Conj/Air       2%         1d13      100%        5
 Enfeeble                 Hex            7%         N/A       100%        7
 Ozocubu's Refrigeration  Ice            2%         4d5       100%        7
 Maxwell's Capacitive Co  Air            2%         ∞         100%        8


Dungeon Overview and Level Annotations

Branches:
Dungeon (4/15)
 Temple: D:4-7

Altars:
Qazlal
Trog


Innate Abilities, Weirdness & Mutations

You have very sharp teeth.
Your uncanny sense of smell can sniff out nearby items.
Your experience applies equally to all skills.


Message History

You shoot an arrow. The arrow barely misses the iguana.
The iguana bites you but does no damage.
Unknown command.
Fire: 45 arrows
Press: ? - help, Q - select action, (/) - cycle Shift-Dir - straight line, f/p - iguana
Aim: an iguana (heavily wounded, 65% to hit)
You shoot an arrow.
The arrow hits the iguana but does no damage.
The iguana is heavily wounded.
The iguana completely misses you.
Casting: Slow (safe; 6% risk of failure)
Confirm with . or Enter, or press ? or * to list all spells.
Aiming: Slow (safe; 6% risk of failure)
Press: ? - help, Shift-Dir - straight line, f/p - iguana
Aim: an iguana (heavily wounded, chance to affect: 63%)
The iguana resists with significant effort.
The iguana closely misses you.
Fire: 44 arrows
Press: ? - help, Q - select action, (/) - cycle Shift-Dir - straight line, f/p - iguana
Aim: an iguana (heavily wounded, 65% to hit)
You shoot an arrow. The arrow barely misses the iguana.
The iguana bites you!
* * * LOW HITPOINT WARNING * * *
Unknown command.
You fade into invisibility!
The iguana barely misses you. The iguana closely misses you.
Found a spear.
Found a chain mail.
The iguana closely misses you.
An iguana comes into view.
You see here 4 arrows.
You see here an arrow.
You see here 3 arrows.
The iguana bites you!
* * * LOW HITPOINT WARNING * * *
You see here 3 arrows.
As you read the scroll of teleportation, it crumbles to dust.
You feel strangely unstable. The iguana bites you!
You die...

#.# #.# #.# ∆ #.# .
### #.# .[ #..
#####.#### ...
#.###....<.>.# ....
#.?##........#
.....##((@........#
.....(....l.......#
....###.##........#
.l #............#
#......#..#######
#...##.#.#.## ...
#......# ##
#.##...# .. #...#


You could see an iguana.

Vanquished Creatures
  An orc wizard (D:3)
  3 adders
  A worm (D:2)
  2 dart slugs (D:2)
  6 orcs (D:3)
  13 endoplasms
  2 giant cockroaches
  3 goblins
  7 hobgoblins
  8 kobolds
  2 quokkas
  5 ball pythons
  6 bats
  3 frilled lizards
  5 rats
67 creatures vanquished.

Vanquished Creatures (others)
  4 toadstools (D:1)
4 creatures vanquished.

Grand Total: 71 creatures vanquished

Notes
Turn   | Place    | Note
-------+----------+-------------------------------------------
     0 | D:1      | Kikato the Gnoll Arcane Marksman began the quest for the
                  | Orb.
     0 | D:1      | Reached XP level 1. HP: 17/17 MP: 4/4
    13 | D:1      | Found a faded altar of an unknown god.
   255 | D:1      | Reached XP level 2. HP: 23/23 MP: 5/5
  1018 | D:1      | Reached XP level 3. HP: 28/28 MP: 7/7
  1814 | D:2      | Reached skill level 1 in Invocations
  2090 | D:2      | Reached skill level 1 in Short Blades
  2090 | D:2      | Reached skill level 1 in Long Blades
  2090 | D:2      | Reached skill level 1 in Axes
  2090 | D:2      | Reached skill level 1 in Maces & Flails
  2090 | D:2      | Reached skill level 1 in Polearms
  2090 | D:2      | Reached skill level 1 in Staves
  2090 | D:2      | Reached skill level 1 in Slings
  2090 | D:2      | Reached skill level 1 in Crossbows
  2090 | D:2      | Reached skill level 1 in Throwing
  2090 | D:2      | Reached skill level 1 in Armour
  2090 | D:2      | Reached skill level 1 in Stealth
  2090 | D:2      | Reached skill level 1 in Shields
  2090 | D:2      | Reached skill level 1 in Unarmed Combat
  2090 | D:2      | Reached skill level 1 in Evocations
  2187 | D:2      | Reached XP level 4. HP: 27/34 MP: 8/8
  3004 | D:2      | Identified the +1 ring mail of Gehenna {Contam rPois rC+
                  | Will++}
  3806 | D:3      | Reached skill level 1 in Conjurations
  3806 | D:3      | Reached skill level 1 in Summonings
  3806 | D:3      | Reached skill level 1 in Necromancy
  3806 | D:3      | Reached skill level 1 in Translocations
  3806 | D:3      | Reached skill level 1 in Transmutations
  3806 | D:3      | Reached skill level 1 in Fire Magic
  3806 | D:3      | Reached skill level 1 in Ice Magic
  3806 | D:3      | Reached skill level 1 in Air Magic
  3806 | D:3      | Reached skill level 1 in Earth Magic
  3806 | D:3      | Reached skill level 1 in Poison Magic
  3912 | D:3      | Reached XP level 5. HP: 14/40 MP: 9/9
  4362 | D:3      | Found a stormy altar of Qazlal.
  4368 | D:3      | Became a worshipper of Qazlal Stormbringer
  4408 | D:3      | Found a bloodstained altar of Trog.
  4917 | D:4      | HP: 1/40 [iguana (12)]
  4921 | D:4      | Mangled by an iguana

Illustrated notes

Levels and vault maps discovered:
D:1:      ldierk_walled_garden_2, layout_basic, basic_ecumenical_altar,
          chequers_garden, st_stairs_11
D:2:      layout_basic
D:3:      layout_basic, marbit_many_paths, mainiacjoe_overflow_paths
D:4:      minmay_skewed_foursquare, layout_rooms, roderic_roman_lattice,
          corexii_leaking_fountain, uniq_robin

Skill      XL: |  1  2  3  4 |
---------------+-------------+-----
Invocations    | 1 |  1.5
Short Blades   | 1 |  1.4
Long Blades    | 1 |  1.4
Axes           | 1 |  1.4
Maces & Flails | 1 |  1.4
Polearms       | 1 |  1.4
Staves         | 1 |  1.4
Slings         | 1 |  1.4
Crossbows      | 1 |  1.4
Throwing       | 1 |  1.4
Armour         | 1 |  1.4
Stealth        | 1 |  1.4
Shields        | 1 |  1.4
Unarmed Combat | 1 |  1.4
Evocations     | 1 |  1.4
Spellcasting   | 3 |  3.1
Conjurations   | 1 |  1.1
Summonings     | 1 |  1.1
Necromancy     | 1 |  1.1
Translocations | 1 |  1.1
Transmutations | 1 |  1.1
Fire Magic     | 1 |  1.1
Ice Magic      | 1 |  1.1
Air Magic      | 1 |  1.1
Earth Magic    | 1 |  1.1
Poison Magic   | 1 |  1.1
Fighting       | |  2.9
Bows           | |  4.7
Dodging        | |  4.7
Hexes          | |  5.5

Action                   |  1- 3 |  4- 6 || total
-------------------------+-------+-------++-------
Melee: Whip              |       |    14 ||    14
       Bite              |       |     2 ||     2
       Punch             |       |     1 ||     1
 Fire: Shortbow          |    92 |   129 ||   221
 Cast: Slow              |       |     3 ||     3
  Use: Scroll            |       |     5 ||     5
       Potion            |       |     1 ||     1
Armor: Leather armour    |     9 |    10 ||    19
       Ring mail         |       |    34 ||    34
Dodge: Dodged            |    23 |    62 ||    85
